 Dungeon Crawl Stone Soup version 0.29.1-15-g9cfb28693d (webtiles) character file.

Game seed: 4915761027555832406

219344 mefisttt the Eclecticist (level 18, -5/85 HPs)
             Began as a Deep Elf Ice Elementalist on Apr 6, 2023.
             Was a High Priest of Sif Muna.
             Slain by an alligator snapping turtle (33 damage)
             ... on level 2 of the Shoals on Apr 12, 2023.
             The game lasted 03:48:53 (50389 turns).

mefisttt the Eclecticist (DEIE)                    Turns: 50389, Time: 03:48:54

Health: -5/85      AC: 13    Str:  2    XL:     18   Next: 44%
Magic:  24/40      EV: 21    Int: 37    God:    Sif Muna [*****.]
Gold:   1863       SH:  5    Dex: 18    Spells: 1/50 levels left

rFire   . . .      SeeInvis .   w - staff of earth
rCold   + + .      Faith    .   J - orb {guile}
rNeg    . . .      Spirit   .   o - +3 robe of Clouds {*Thunder rCloud rElec}
rPois   +          Reflect  +   Z - +1 hat of the Everdark {+Blink rPois rC+ Dex+3}
rElec   +          Harm     .   v - +0 cloak
rCorr   .          Rampage  .   V - +2 pair of gloves
Will    .....                   y - +2 pair of boots
Stlth   +++++.....              L - amulet of reflection
HPRegen 0.24/turn               B - ring "Zetaichi" {rC+ Str-3 Int+8}
MPRegen 0.27/turn               G - ring of flight

@: flying
A: poison resistance
}: 1/15 runes: gossamer
a: Renounce Religion, Evoke Blink, Channel Magic, Forget Spell, Divine Exegesis


You were on level 2 of the Shoals.
You worshipped Sif Muna.
Sif Muna was extremely pleased with you.
You visited 7 branches of the dungeon, and saw 30 of its levels.
You also visited: Ice Cave.

You collected 3319 gold pieces.
You spent 1456 gold pieces at shops.

Inventory:

Hand Weapons
 e - the +6 great sword of Traps {flame, rCorr MP+9}
   (You bought it in a shop on level 2 of the Orcish Mines)

   It burns those it strikes, dealing additional fire damage.
   Big, fiery blades are also staple armaments of hydra-hunters.
   MP:        It affects your magic capacity (+9).
   rCorr:     It protects you from acid and corrosion.
Missiles
 K - 3 throwing nets
Armour
 o - the +3 robe of Clouds (worn) {*Thunder rCloud rElec}
   (You found it on level 2 of the Dungeon)

   It occasionally creates storm clouds above nearby enemies.
   It grants its wearer immunity to clouds.
   rElec:     It insulates you from electricity.
 v - a +0 cloak (worn)
 y - a +2 pair of boots (worn)
 J - an orb of guile (worn)
 V - a +2 pair of gloves (worn)
 Z - the +1 hat of the Everdark (worn) {+Blink rPois rC+ Dex+3}
   (You found it on level 1 of the Lair of Beasts)

   Dex:       It affects your dexterity (+3).
   rC:        It protects you from cold.
   rPois:     It protects you from poison.
   +Blink:    It lets you blink.
Magical Staves
 q - a staff of cold
 w - a staff of earth (weapon)
Jewellery
 d - a ring of see invisible
 k - the ring of the Monkey {rPois Will+}
   (You found it on level 5 of the Lair of Beasts)

   [ring of willpower]

   rPois:     It protects you from poison.
   Will:      It increases your willpower.
 s - the ring of Discretion {rF+ Dex+4}
   (You bought it in a shop on level 2 of the Orcish Mines)

   [ring of protection from fire]

   Dex:       It affects your dexterity (+4).
   rF:        It protects you from fire.
 B - the ring "Zetaichi" (left hand) {rC+ Str-3 Int+8}
   (You found it in an ice cave)

   [ring of protection from cold]

   Str:       It affects your strength (-3).
   Int:       It affects your intelligence (+8).
   rC:        It protects you from cold.
 G - a ring of flight (right hand)
 L - an amulet of reflection (around neck)
Wands
 j - a wand of charming (10)
 r - a wand of acid (4)
 u - a wand of mindburst (4)
 H - a wand of digging (3)
 Q - a wand of iceblast (25)
 X - a wand of polymorph (1)
Scrolls
 b - a scroll of torment
 h - 2 scrolls of identify
 l - 5 scrolls of fog
 p - 4 scrolls of poison
 D - 3 scrolls of magic mapping
 E - 3 scrolls of fear
 F - 5 scrolls of teleportation
 I - 8 scrolls of vulnerability
 O - 9 scrolls of immolation
 T - 3 scrolls of summoning
Potions
 c - 2 potions of magic
 f - 5 potions of brilliance
 g - 6 potions of might
 i - a potion of lignification {unknown}
 m - 18 potions of curing
 n - a potion of heal wounds
 t - 8 potions of haste
 x - 8 potions of ambrosia
 z - 7 potions of resistance
 C - 7 potions of cancellation
 M - 4 potions of flight
 N - a potion of mutation
 U - 2 potions of attraction
 Y - 3 potions of invisibility
Miscellaneous
 a - a box of beasts
 S - a phantom mirror


   Skills:
 + Level 13.4 Dodging
 - Level 12.0 Stealth
 + Level 16.5 Spellcasting
 + Level 13.1 Conjurations
 * Level 14.1 Hexes
 + Level 10.3 Summonings
 - Level 10.3 Necromancy
 + Level 10.6 Translocations
 + Level 12.8 Ice Magic
 * Level 5.3 Earth Magic
 + Level 12.8 Invocations
 + Level 9.5 Evocations


You had one spell level left.
You knew the following spells:

 Your Spells              Type           Power      Damage    Failure   Level
a - Borgnjor's Vile Clut  Necr/Erth      46%        N/A       1%          5
k - Tukima's Dance        Hex            94%        N/A       0%          3
l - Enfeeble              Hex            47%        N/A       2%          7
m - Simulacrum            Ice/Necr       43%        N/A       1%          6
o - Metabolic Englaciati  Hex/Ice        46%        N/A       1%          5
p - Cause Fear            Hex            47%        N/A       1%          4
q - Freezing Cloud        Conj/Ice/Air   38%        6-21      1%          5
s - Orb of Destruction    Conj           45%        9d12      4%          7
w - Leda's Liquefaction   Hex/Erth       50%        N/A       1%          4
z - Ozocubu's Armour      Ice            90%        N/A       1%          3

Your spell library contained the following spells:

 Spells                   Type           Power      Damage    Failure   Level
 Freeze                   Ice            100%       1d11      0%          1
 Slow                     Hex            100%       N/A       0%          1
 Shock                    Conj/Air       100%       1d9       1%          1
 Ensorcelled Hibernation  Hex/Ice        100%       N/A       0%          2
 Searing Ray              Conj           100%       2d8       0%          2
 Confusing Touch          Hex            94%        N/A       0%          3
 Dazzling Flash           Conj/Hex       100%       N/A       0%          3
 Blink                    Tloc           100%       N/A       1%          2
 Poisonous Vapours        Pois/Air       60%        N/A       1%          2
 Scorch                   Fire           60%        2d8       1%          2
 Call Canine Familiar     Summ           82%        N/A       1%          3
 Conjure Flame            Conj/Fire      68%        6-21      1%          3
 Frozen Ramparts          Ice            100%       1d16      1%          3
 Gell's Gravitas          Tloc           83%        N/A       1%          3
 Lesser Beckoning         Tloc           83%        N/A       1%          3
 Mephitic Cloud           Conj/Pois/Air  58%        N/A       1%          3
 Portal Projectile        Hex/Tloc       100%       N/A       1%          3
 Summon Guardian Golem    Hex/Summ       88%        N/A       1%          3
 Teleport Other           Tloc           83%        N/A       1%          3
 Vampiric Draining        Necr           82%        2d11      1%          3
 Anguish                  Hex/Necr       44%        N/A       1%          4
 Hailstorm                Conj/Ice       91%        3d18      1%          4
 Ice Form                 Ice/Tmut       67%        N/A       1%          4
 Iskenderun's Mystic Bla  Conj/Tloc      87%        2d17      1%          4
 Passage of Golubria      Tloc           83%        N/A       1%          4
 Sticky Flame             Conj/Fire      68%        2d8       1%          4
 Summon Ice Beast         Ice/Summ       86%        N/A       1%          4
 Agony                    Necr           82%        N/A       1%          5
 Fireball                 Conj/Fire      34%        3d14      1%          5
 Irradiate                Conj/Tmut      34%        3d23      1%          5
 Iskenderun's Battlesphe  Conj           91%        2d14      1%          5
 Lightning Bolt           Conj/Air       34%        1d51      1%          5
 Manifold Assault         Tloc           83%        N/A       1%          5
 Silence                  Hex/Air        35%        N/A       1%          5
 Summon Forest            Summ/Tloc      41%        N/A       1%          5
 Summon Mana Viper        Hex/Summ       88%        N/A       1%          5
 Yara's Violent Unravell  Hex/Tmut       35%        3d14      1%          5
 Corpse Rot               Necr/Pois/Air  54%        N/A       2%          4
 Ignite Poison            Fire/Tmut/Pois 30%        N/A       3%          3
 Petrify                  Tmut/Erth      66%        N/A       3%          4
 Lee's Rapid Deconstruct  Erth           40%        3d21*     3%          5
 Ozocubu's Refrigeration  Ice            45%        4d17      4%          7
 Olgreb's Toxic Radiance  Pois           30%        N/A       11%         4
 Starburst                Conj/Fire      34%        6d10      12%         6
 Malign Gateway           Summ/Tloc      41%        N/A       13%         7
 Summon Hydra             Summ           41%        N/A       14%         7
 Discord                  Hex            47%        N/A       22%         8
 Blade Hands              Tmut           15%        N/A       30%         5
 Statue Form              Tmut/Erth      44%        N/A       50%         6
 Eringya's Noxious Bog    Tmut/Pois      15%        N/A       86%         6
 Dragon Form              Tmut           15%        N/A       100%        7
 Storm Form               Tmut/Air       15%        N/A       100%        7
 Maxwell's Capacitive Co  Air            15%        ∞         100%        8
 Dragon's Call            Summ           41%        N/A       100%        9


Dungeon Overview and Level Annotations

Branches:
Dungeon (15/15)            Temple (1/1) D:6            Lair (5/5) D:9
 Shoals (2/4) Lair:3       Spider (4/4) Lair:2        Slime (0/5) Lair:5
    Orc (2/2) D:12            Elf (0/3) Orc:2        Vaults (0/5) D:13
 Depths (1/4) D:15          IceCv (visited)

Altars:
Ashenzari
Cheibriados
Dithmenos
Elyvilon
Fedhas
Gozag
Hepliaklqana
Kikubaaqudgha
Makhleb
Nemelex Xobeh
Okawaru
Qazlal
Ru
Sif Muna
Trog
Uskayaw
Vehumet
Wu Jian
Xom
Yredelemnul
Zin
The Shining One
Jiyva

Shops:
D:1 [   D:4 [   D:7 *   Orc:2 [*=[(

Portals:
Hell: Depths:1
Ziggurat: Depths:1

Annotations:
D:9 2 transporters
D:14 1 runed translucent door, exclusion: orange crystal statue
Spider:2 3 runed translucent doors, Chatter's ghost, journeyman MiBe


Innate Abilities, Weirdness & Mutations

Your system is resistant to poisons. (rPois)


Message History

Confirm with . or Enter, or press ? or * to list all spells.
Aiming: Simulacrum (dangerous; 1% risk of failure)
Press: ? - help, Shift-Dir - straight line, f - alligator snapping turtle
Aim: an alligator snapping turtle (freezing vapour, moderately wounded, slow)
You feel a surge of power!
You freeze the alligator snapping turtle's soul.
The alligator snapping turtle seems to slow down.
You block the alligator snapping turtle's attack.
You hit the alligator snapping turtle but do no damage.
You freeze the alligator snapping turtle.
The alligator snapping turtle seems to slow down.
The alligator snapping turtle is moderately wounded.
You hit the alligator snapping turtle but do no damage.
You freeze the alligator snapping turtle.
The alligator snapping turtle seems to slow down.
The alligator snapping turtle is moderately wounded.
The alligator snapping turtle is engulfed in freezing vapours.
The alligator snapping turtle seems to slow down.
You block the alligator snapping turtle's attack.
w - a staff of earth (weapon)
Casting: Simulacrum (dangerous; 1% risk of failure)
Confirm with . or Enter, or press ? or * to list all spells.
Aiming: Borgnjor's Vile Clutch (dangerous; 1% risk of failure)
Press: ? - help, Shift-Dir - straight line, f/p - alligator snapping turtle
Aim: an alligator snapping turtle (freezing vapour, moderately wounded, slow, simulacrum, 100% to hit)
You feel a surge of power!
Zombie hands grab the alligator snapping turtle.
The zombie hands constrict the alligator snapping turtle!
The alligator snapping turtle is engulfed in freezing vapours.
The alligator snapping turtle seems to slow down.
The alligator snapping turtle bites you!!!
You hear a shout!
You hit the alligator snapping turtle but do no damage.
The alligator snapping turtle is heavily wounded.
The zombie hands constrict the alligator snapping turtle.
Your icy armour will break if you move.
Continue?
Your icy armour cracks and falls away as you move.
The zombie hands constrict the alligator snapping turtle.
The alligator snapping turtle bites you from afar!!
You die...

~~~~..~~~~~≈≈≈≈≈≈≈≈≈≈≈~~~~.....~~
.~..#...~~~~~~~~≈~~~~~~~~~.#...~~
#.~~~~~~~~~~~~~~~~ ##...~
#.~~~..~~~~..~~~~ ##..~
#.......~~~...~~. ##...~
###...###.......... .....~ .
#.....# ##.....~~~~ ....~~
~.####..#### #....c.~~~ ~~..~~
~~......# ##@.##.$c. ~~~~~~
≈~~~.~~.# #..§# .~. ~~~~.~
≈≈≈≈≈~<.###### #t§.....^ ~~~~~~
≈≈≈≈≈~~~..~~.###°§§...... ..~~~~
≈≈≈≈≈~~~~~~~..#§§§§.......##...~~
≈≈≈~~~~~~~~................#....~
≈≈≈~~~~~~......####...#.~~~..~..~
≈≈≈~~~~~~.###.## #.....~~~~~~~~.
≈≈~~~~~~~~# ### ##.....~~[~.~~~~


You could see an alligator snapping turtle (slow, clutched, simulacrum) and a
centaur warrior.

Vanquished Creatures
  Arachne (Spider:2)
  Mlioglotl (Spider:3)
  A sphinx (D:12)
  A tengu reaver (D:12)
  Gastronok (D:11)
  Roxanne (Spider:1)
  Kirke (Lair:5)
  A frost giant (Depths:1)
  A fire giant (D:12)
  An azure jelly (IceCv)
  An orc warlord (Orc:2)
  6 emperor scorpions
  3 ghost moths
  2 very ugly things (Depths:1)
  3 broodmothers
  2 quicksilver oozes (IceCv)
  Azrael (D:13)
  5 dire elephants
  7 entropy weavers
  4 spark wasps
  An ettin (Depths:1)
  A merfolk impaler (Shoals:2)
  Josephine (Orc:2)
  3 fire dragons (Depths:1)
  2 ice dragons (Depths:1)
  A rakshasa (Depths:1)
  Erolcha (D:11)
  2 boulder beetles
  The ghost of ioannis32 the Protected, a journeyman DsBe of Trog (D:11)
  Fannar (D:11)
  A jorogumo (Spider:3)
  7 hydras
  7 two-headed ogres
  A merfolk avatar (Shoals:2)
  7 centaur warriors
  A radroach (Spider:1)
  A death knight (D:12)
  10 death yaks
  2 orc high priests (Orc:2)
  2 tengu warriors
  Sonja (Lair:1)
  A spectral death yak (Lair:5)
  5 skeletal warriors
  A flayed ghost (D:12)
  A spectral anaconda (Lair:5)
  5 steelbarb worms (Spider:3)
  A glowing orange brain (Depths:1)
  5 pharaoh ants
  A sea snake (Shoals:1)
  A golden dragon skeleton (Depths:1)
  7 orb spiders
  2 lindwurms (Lair:1)
  7 orc knights
  3 wizards
  A harpy (Shoals:2)
  6 deep elf pyromancers
  5 necromancers
  Pikel (D:9)
  4 orc sorcerers
  7 cyclopes
  6 manticores
  A stone giant zombie (Depths:1)
  2 wolf spider zombies (Spider:2)
  12 elephants
  14 ugly things
  3 moths of wrath
  A merfolk siren (Shoals:1)
  17 wolf spiders
  A water nymph (Shoals:1)
  3 ice statues (IceCv)
  6 black mambas
  3 centaur skeletons (D:13)
  A dire elephant zombie (Lair:5)
  14 cane toads
  A torpor snail (Lair:4)
  A rime drake (Lair:3)
  3 unseen horrors
  8 komodo dragons
  6 redback zombies (Spider:2)
  A spriggan zombie (Depths:1)
  2 demonic crawlers
  6 kobold demonologists
  2 tengu conjurers
  4 merfolk
  A troll (D:10)
  A meliai (shapeshifter) (D:10)
  10 meliai
  3 polar bears
  16 tarantellas
  A wind drake (Shoals:1)
  Prince Ribbit (D:7)
  7 culicivora zombies (Spider:2)
  6 blink frogs
  7 hornets
  6 slime creatures
  2 spectral elephants (Lair:5)
  5 dream sheep (Lair:5)
  11 tarantella zombies (Spider:2)
  2 snapping turtles
  An ettin zombie (Depths:1)
  3 shadows
  A vampire (D:9)
  19 jumping spiders
  16 culicivoras
  3 water elementals
  82 yaks
  10 wraiths
  2 dire elephant simulacra (Lair:5)
  4 basilisks
  4 fire elementals (D:13)
  7 wyverns
  2 hogs (Lair:5)
  Eustachio (D:5)
  5 steam dragons
  5 vampire mosquitoes
  A death yak simulacrum (Lair:5)
  35 redbacks
  3 wargs
  2 spectral cane toads (Lair:5)
  19 water moccasins
  2 acid dragons
  2 sky beasts
  2 great orb of eyes simulacra (IceCv)
  24 orc warriors
  2 elephant zombies (Lair:5)
  An ice beast (D:5)
  8 ogres
  11 centaurs
  2 elephant skeletons (Lair:5)
  12 wolves
  3 lemures (D:9)
  3 slime creature simulacra (IceCv)
  4 kobold brigands
  2 phantoms
  2 gnoll sergeants
  13 bullfrogs
  2 necrophages
  2 cane toad simulacra (Lair:5)
  8 scorpions
  6 wights
  13 killer bees
  6 howler monkeys
  13 electric eels
  4 lava snakes (Lair:1)
  3 hounds
  2 gnoll boudas (D:9)
  6 orc priests
  2 iguanas
  33 orc wizards
  5 hell rats
  A shapeshifter simulacrum (IceCv)
  3 gnolls (D:8)
  5 adders
  4 shadow imps
  2 white imps
  An ufetubus (D:5)
  2 worms (D:3)
  A dart slug (D:3)
  50 orcs
  7 endoplasms
  7 giant cockroaches
  13 goblins
  5 hobgoblins
  3 jackals (D:1)
  6 quokkas
  9 ball pythons
  18 bats
  A frilled lizard (D:1)
  25 kobolds
  5 rats
  5 bushes (D:12)
955 creatures vanquished.

Vanquished Creatures (collateral kills)
  Bai Suzhen (Spider:3)
  Nikola (Spider:4)
  Ilsuiw (Shoals:2)
  An emperor scorpion (Spider:3)
  A ghost moth (Spider:4)
  A quicksilver ooze (IceCv)
  A broodmother (Spider:1)
  Nessos (D:15)
  An entropy weaver (Spider:1)
  A spark wasp (Spider:4)
  A boulder beetle (Spider:1)
  2 jorogumos
  2 radroaches
  A centaur warrior (D:13)
  4 orb spiders
  A deep elf archer (D:13)
  5 steelbarb worms
  An obsidian statue (Lair:5)
  3 harpies (Shoals:2)
  A cyclops (D:15)
  7 wolf spiders
  A moth of wrath (Spider:4)
  3 merfolk sirens (Shoals:2)
  An elephant (Lair:5)
  A centaur skeleton (D:13)
  3 demonic crawlers
  A rime drake (Lair:3)
  A freezing wraith (D:14)
  A troll (Orc:2)
  4 slime creatures
  3 tarantellas
  10 jumping spiders (Spider:1)
  A wraith (Shoals:1)
  8 culicivoras
  A yak (Lair:5)
  28 redbacks
  9 orc warriors
  A great orb of eyes simulacrum (IceCv)
  An ogre (Orc:2)
  7 centaurs (D:13)
  An elephant skeleton (Lair:5)
  2 slime creature simulacra (IceCv)
  A glowing shapeshifter simulacrum (IceCv)
  An electric eel (Spider:1)
  An orc priest (Orc:1)
  An orc wizard (D:15)
  A shapeshifter simulacrum (IceCv)
  7 orcs
  A giant cockroach (D:15)
139 creatures vanquished.

Vanquished Creatures (others)
  Erica (D:11)
  4 dancing weapons
  4 humans (Lair:5)
  A great orb of eyes simulacrum (IceCv)
  2 bushes (D:12)
  39 fungi
  75 plants
  33 withered plants (Lair:5)
159 creatures vanquished.

Grand Total: 1253 creatures vanquished

Notes
Turn   | Place    | Note
-------+----------+-------------------------------------------
     0 | D:1      | mefisttt the Deep Elf Ice Elementalist began the quest for
                  | the Orb.
     0 | D:1      | Reached XP level 1. HP: 10/10 MP: 6/6
   141 | D:1      | Reached XP level 2. HP: 10/15 MP: 5/8
   143 | D:1      | Reached skill level 1 in Conjurations
   274 | D:1      | Found Joworo's Armour Boutique.
   909 | D:1      | Reached XP level 3. HP: 19/19 MP: 9/9
   913 | D:1      | Learned a level 3 spell: Frozen Ramparts
   917 | D:1      | Learned a level 3 spell: Ozocubu's Armour
  1520 | D:2      | Noticed a scorpion
  1523 | D:2      | Killed a scorpion
  1524 | D:2      | Reached skill level 1 in Hexes
  1524 | D:2      | Reached XP level 4. HP: 24/24 MP: 8/11
  1583 | D:2      | Identified the +12 spear of the Thing {freeze, Will+ Dex+2}
  1863 | D:2      | Found the +3 robe of Clouds {*Thunder rCloud rElec}
  1908 | D:2      | Identified the +8 dagger "Semo" {drain, rElec rC+ Str-2}
  2097 | D:2      | Found a faded altar of an unknown god.
  2097 | D:2      | Noticed a hellwing
  2451 | D:3      | Reached XP level 5. HP: 26/28 MP: 5/12
  2456 | D:3      | Learned a level 4 spell: Hailstorm
  2776 | D:3      | Reached skill level 4 in Spellcasting
  3131 | D:3      | Found a radiant altar of Vehumet.
  3242 | D:4      | Found Zirhoufo's Armour Shop.
  3250 | D:4      | Bought a +0 cloak for 63 gold pieces
  3328 | D:4      | Reached skill level 5 in Ice Magic
  3328 | D:4      | Reached XP level 6. HP: 32/32 MP: 2/14
  3669 | D:4      | Found an ancient bone altar of Kikubaaqudgha.
  3880 | D:4      | Identified the +4 halberd "Guh Umum" {drain, Stlth+}
  4095 | D:5      | Entered Level 5 of the Dungeon
  4099 | D:5      | Reached XP level 7. HP: 22/36 MP: 16/16
  4334 | D:5      | Reached skill level 5 in Spellcasting
  4376 | D:5      | Noticed Eustachio
  4403 | D:5      | Killed Eustachio
  4404 | D:5      | Reached skill level 5 in Stealth
  4404 | D:5      | Reached skill level 5 in Conjurations
  4633 | D:5      | Reached XP level 8. HP: 41/41 MP: 16/18
  4637 | D:5      | Learned a level 3 spell: Dazzling Flash
  4911 | D:5      | Found a white marble altar of Elyvilon.
  5001 | D:5      | Found a basalt altar of Yredelemnul.
  5004 | D:5      | Found a hide-covered altar of Uskayaw.
  5004 | D:5      | Found a hazy altar of Hepliaklqana.
  5006 | D:5      | Found a shimmering altar of Xom.
  5008 | D:5      | Found a bloodstained altar of Trog.
  5122 | D:5      | Reached skill level 5 in Dodging
  5897 | D:6      | Found a staircase to the Ecumenical Temple.
  5904 | Temple   | Entered the Ecumenical Temple
  5919 | Temple   | Became a worshipper of Sif Muna the Loreminder
  6113 | D:6      | Found an ornate altar of the Wu Jian Council.
  6200 | D:6      | Reached skill level 6 in Spellcasting
  6200 | D:6      | Reached skill level 1 in Translocations
  6413 | D:7      | Found Koqoob's Assorted Antiques.
  6421 | D:7      | Bought a scroll of teleportation for 63 gold pieces
  6450 | D:7      | Noticed Prince Ribbit
  6550 | D:7      | Reached skill level 5 in Hexes
  6631 | D:7      | Killed Prince Ribbit
  6632 | D:7      | Reached XP level 9. HP: 45/45 MP: 20/20
  6780 | D:7      | Noticed a two-headed ogre
  6796 | D:7      | Killed a two-headed ogre
  6797 | D:7      | Reached skill level 7 in Spellcasting
  6976 | D:7      | Reached skill level 1 in Summonings
  7541 | D:8      | Reached XP level 10. HP: 50/50 MP: 17/23
  7613 | D:8      | Reached * piety under Sif Muna
  7895 | D:8      | Reached skill level 8 in Spellcasting
  7994 | D:8      | Learned a level 4 spell: Cause Fear
  7998 | D:8      | Learned a level 3 spell: Call Canine Familiar
  8000 | D:8      | Learned a level 1 spell: Slow
  8287 | D:8      | Reached ** piety under Sif Muna
  8481 | D:8      | Found an opulent altar of Gozag.
  9001 | D:9      | Found a transporter.
  9003 | D:9      | Found a transporter.
  9015 | D:9      | Found a transporter.
  9016 | D:9      | Found a transporter.
  9059 | D:9      | Found a staircase to the Lair.
  9068 | D:9      | Found a transporter.
  9072 | D:9      | Found a transporter.
  9444 | D:9      | Noticed Pikel
  9466 | D:9      | Killed Pikel
  9467 | D:9      | Reached skill level 5 in Translocations
  9467 | D:9      | Reached XP level 11. HP: 51/54 MP: 19/25
  9473 | D:9      | Learned a level 5 spell: Metabolic Englaciation
  9598 | D:9      | Noticed a two-headed ogre
  9601 | D:9      | Noticed a two-headed ogre
  9767 | D:9      | Killed a two-headed ogre
  9768 | D:9      | Reached skill level 9 in Spellcasting
  9917 | D:9      | Killed a two-headed ogre
 10163 | D:9      | Reached *** piety under Sif Muna
 10215 | D:9      | Noticed a two-headed ogre
 10223 | D:9      | Killed a two-headed ogre
 10578 | D:10     | Entered Level 10 of the Dungeon
 10595 | D:10     | Reached skill level 5 in Summonings
 10637 | D:10     | Identified the +2 leather armour "Gyowes" {rF++ rN+ Str-5}
 10682 | D:10     | Reached skill level 1 in Invocations
 10735 | D:10     | Noticed a centaur warrior
 10741 | D:10     | Killed a centaur warrior
 11014 | D:10     | Found a shimmering altar of Xom.
 11014 | D:10     | Noticed a centaur warrior
 11024 | D:10     | Reached XP level 12. HP: 47/59 MP: 20/27
 11083 | D:10     | Killed a centaur warrior
 11084 | D:10     | Reached skill level 10 in Spellcasting
 11465 | D:10     | Noticed a two-headed ogre
 11476 | D:10     | Killed a two-headed ogre
 11477 | D:10     | Reached skill level 1 in Evocations
 11672 | D:10     | Noticed a two-headed ogre
 11677 | D:10     | Killed a two-headed ogre
 12011 | D:11     | Found a runed translucent gate.
 12012 | D:11     | Found a runed translucent gate.
 12013 | D:11     | Found a runed translucent gate.
 12014 | D:11     | Noticed ioannis32's ghost (journeyman DsBe)
 12026 | D:11     | Reached skill level 10 in Stealth
 12109 | D:11     | Noticed Gastronok
 12125 | D:11     | Killed Gastronok
 12229 | D:11     | Noticed Erica
 12255 | D:11     | Killed Erica
 12418 | D:11     | Noticed Fannar
 12439 | D:11     | Killed Fannar
 12581 | D:11     | Noticed Erolcha
 12588 | D:11     | Killed Erolcha
 12722 | D:11     | Noticed a boulder beetle
 12743 | D:11     | Killed a boulder beetle
 13170 | Lair:1   | Entered Level 1 of the Lair of Beasts
 13210 | Lair:1   | Reached skill level 5 in Invocations
 13458 | Lair:1   | Reached **** piety under Sif Muna
 13459 | Lair:1   | Reached skill level 10 in Conjurations
 13785 | Lair:1   | Identified the +5 whip of the Lair of Beasts {spect, rC+}
 13902 | Lair:1   | Noticed Sonja
 13909 | Lair:1   | Killed Sonja
 13910 | Lair:1   | Reached XP level 13. HP: 63/63 MP: 29/29
 14053 | Lair:1   | Found a runed translucent door.
 14267 | Lair:1   | Identified the +3 whip of Xiopad {drain, rPois Dex+2}
 14268 | Lair:1   | Identified the +1 hat of the Everdark {+Blink rPois rC+
                  | Dex+3}
 14281 | Lair:1   | Found a runed translucent gate.
 14281 | Lair:1   | Found a runed translucent gate.
 14281 | Lair:1   | Found a runed translucent gate.
 14281 | Lair:1   | Found a runed translucent gate.
 14282 | Lair:1   | Found a runed translucent gate.
 14283 | Lair:1   | Found a runed translucent gate.
 14680 | Lair:2   | Reached skill level 10 in Dodging
 14680 | Lair:2   | Reached skill level 11 in Spellcasting
 14839 | Lair:2   | Identified the ring of Conversion {Int+6 Dex+3}
 14848 | Lair:2   | Learned a level 4 spell: Leda's Liquefaction
 14882 | Lair:2   | Reached skill level 10 in Hexes
 15110 | Lair:2   | Found an iron altar of Okawaru.
 15329 | Lair:2   | Reached ***** piety under Sif Muna
 15329 | Lair:2   | Received a gift from Sif Muna
 15335 | Lair:2   | Got Muc Juriv's Essays on Attacks {god gift}
 15632 | Lair:2   | Reached skill level 1 in Necromancy
 15655 | Lair:2   | Reached skill level 10 in Ice Magic
 15987 | Lair:2   | Found a hole to the Spider Nest.
 16368 | Lair:3   | Found a frozen archway.
 16381 | IceCv    | Entered an ice cave
 16483 | IceCv    | Noticed a quicksilver ooze
 16498 | IceCv    | HP: 1/63 [quicksilver ooze (16)]
 16508 | IceCv    | Killed a quicksilver ooze
 16818 | IceCv    | Got Ilesebb's Codex of the Winter
 16869 | IceCv    | Learned a level 3 spell: Tukima's Dance
 17274 | IceCv    | Noticed a quicksilver ooze
 17296 | IceCv    | Killed a quicksilver ooze
 17666 | IceCv    | Reached XP level 14. HP: 68/68 MP: 11/31
 17707 | IceCv    | Found a viscous altar of Jiyva.
 17707 | IceCv    | Noticed an azure jelly
 17735 | IceCv    | Killed an azure jelly
 17750 | IceCv    | Noticed a quicksilver ooze
 17756 | IceCv    | Killed a quicksilver ooze
 17757 | IceCv    | Reached skill level 5 in Evocations
 17885 | IceCv    | Got the ring "Zetaichi" {rC+ Str-3 Int+8}
 18045 | Lair:3   | Identified the +4 mace "mefisttt's Bane" {vamp, +Blink
                  | rPois Str-5 Stlth+}
 18048 | Lair:3   | Found a staircase to the Shoals.
 19256 | Lair:3   | Learned a level 4 spell: Iskenderun's Mystic Blast
 20989 | Lair:5   | Entered Level 5 of the Lair of Beasts
 21127 | Lair:5   | Reached skill level 5 in Necromancy
 21284 | Lair:5   | Noticed Kirke
 21290 | Lair:5   | Received a gift from Sif Muna
 21291 | Lair:5   | Killed Kirke
 21293 | Lair:5   | Got Sif Muna's Vellum of Nihilism {god gift}
 21305 | Lair:4   | Learned a level 5 spell: Freezing Cloud
 21312 | Lair:4   | Learned a level 4 spell: Summon Ice Beast
 21745 | Lair:5   | Identified the ring of the Monkey {rPois Will+}
 22638 | Lair:5   | Reached skill level 12 in Spellcasting
 22779 | Lair:5   | Found a viscous altar of Jiyva.
 22779 | Lair:5   | Found a staircase to the Slime Pits.
 22923 | Lair:5   | Found a shadowy altar of Dithmenos.
 22948 | Lair:5   | Got Ciywaq's Precepts of Incandescence
 23610 | Lair:5   | Got the Monograph on the Fetid Voyage
 23640 | Lair:5   | Reached XP level 15. HP: 72/72 MP: 17/33
 24443 | Lair:5   | Lost strength.
 24443 | Lair:5   | Gained mutation: You are weak. (Str -2) [a neqoxec]
 24969 | D:9      | Lost mutation: You are weak. (Str -2) [potion of mutation]
 24969 | D:9      | Gained mutation: You are frail. (-10% HP) [potion of
                  | mutation]
 24969 | D:9      | Gained mutation: Your system is resistant to poisons.
                  | (rPois) [potion of mutation]
 24969 | D:9      | Lost mutation: You are frail. (-10% HP) [potion of
                  | mutation]
 25133 | D:11     | Killed ioannis32's ghost
 25393 | D:12     | Found a staircase to the Orcish Mines.
 26210 | D:12     | Noticed a fire giant
 26214 | D:12     | Noticed a tengu reaver
 26335 | Orc:1    | Entered Level 1 of the Orcish Mines
 26597 | Orc:1    | Learned a level 6 spell: Simulacrum
 26621 | Orc:2    | Entered Level 2 of the Orcish Mines
 26621 | Orc:2    | Found Amnun's Antique Weapon Shop.
 26970 | Orc:2    | Noticed Josephine
 26976 | Orc:2    | Killed Josephine
 27212 | Orc:2    | Found Taasilad's Armour Emporium.
 27222 | Orc:2    | Bought a +2 robe of positive energy for 147 gold pieces
 27285 | Orc:2    | Found a staircase to the Elven Halls.
 27302 | Orc:2    | Noticed an orc warlord
 27319 | Orc:1    | Paralysed by an orc sorcerer for 5 turns
 27730 | Orc:1    | Learned a level 5 spell: Lightning Bolt
 27931 | Orc:2    | Killed an orc warlord
 27994 | Orc:2    | Found Noikonk's Jewellery Emporium.
 28042 | Orc:2    | Bought the ring of Discretion {rF+ Dex+4} for 484 gold
                  | pieces
 28099 | Orc:2    | Found Qappitwe's Antique Armour Shoppe.
 28219 | Orc:2    | Bought a pair of faintly glowing boots for 294 gold pieces
 28219 | Orc:2    | Identified the +0 pair of boots "Ubumatt" {rElec rF- rC+
                  | Str+3} (You bought it in a shop on level 2 of the Orcish
                  | Mines)
 28407 | Orc:2    | Found Obbaamnoum's General Store.
 28415 | Orc:2    | Bought a potion of heal wounds for 70 gold pieces
 28415 | Orc:2    | Bought a scroll of enchant armour for 105 gold pieces
 28589 | Orc:2    | Bought a fading great sword for 230 gold pieces
 28589 | Orc:2    | Identified the +6 great sword of Traps {flame, rCorr MP+9}
                  | (You bought it in a shop on level 2 of the Orcish Mines)
 28811 | Spider:1 | Entered Level 1 of the Spider Nest
 28981 | Lair:2   | Reached skill level 10 in Invocations
 29477 | Spider:1 | Reached skill level 13 in Spellcasting
 29810 | Spider:1 | Noticed Roxanne
 31029 | D:12     | Killed a fire giant
 31030 | D:12     | Reached XP level 16. HP: 53/76 MP: 21/35
 31263 | D:12     | Killed a tengu reaver
 31488 | D:12     | Noticed a sphinx
 31496 | D:12     | Killed a sphinx
 32681 | D:13     | Noticed Azrael
 33079 | D:13     | Killed Azrael
 33079 | D:13     | Received a gift from Sif Muna
 33502 | D:13     | Found a gate to the Vaults.
 34393 | D:14     | Reached skill level 14 in Spellcasting
 34472 | D:14     | Found a runed translucent door.
 34867 | D:14     | Reached skill level 10 in Translocations
 35139 | D:15     | Entered Level 15 of the Dungeon
 35833 | D:15     | Noticed Nessos
 35834 | D:15     | Killed Nessos
 36061 | D:15     | Found a blossoming altar of Fedhas.
 36229 | D:15     | Found a sacrificial altar of Ru.
 36259 | D:15     | Found a staircase to the Depths.
 36443 | Depths:1 | Entered Level 1 of the Depths
 36869 | Depths:1 | Learned a level 7 spell: Orb of Destruction
 36890 | Depths:1 | Found a one-way gateway to a ziggurat.
 37080 | Depths:1 | Found a broken altar of Ashenzari.
 37129 | Depths:1 | Found a gateway to Hell.
 37657 | Depths:1 | Reached XP level 17. HP: 46/80 MP: 5/37
 38118 | Depths:1 | Reached skill level 10 in Summonings
 38741 | Shoals:1 | Entered Level 1 of the Shoals
 39035 | Spider:1 | Killed Roxanne
 39639 | Spider:2 | Received a gift from Sif Muna
 39643 | Spider:2 | Got Sif Muna's Further Steps in Spellcasting {god gift}
 39966 | Spider:2 | Reached skill level 15 in Spellcasting
 40317 | Spider:2 | Found a runed translucent gate.
 40321 | Spider:2 | Found a runed translucent gate.
 40321 | Spider:2 | Noticed Chatter's ghost (journeyman MiBe)
 40322 | Spider:2 | Found a runed translucent gate.
 40331 | Spider:2 | Noticed Arachne
 40346 | Spider:2 | Killed Arachne
 41690 | Spider:3 | Noticed Mlioglotl
 41838 | Spider:2 | Learned a level 7 spell: Enfeeble
 41850 | Spider:2 | Learned a level 5 spell: Borgnjor's Vile Clutch
 41876 | Spider:3 | Reached skill level 1 in Earth Magic
 42918 | Spider:3 | Killed Mlioglotl
 43235 | Spider:3 | Noticed Bai Suzhen
 43248 | Spider:3 | Killed Bai Suzhen
 44482 | Spider:4 | Entered Level 4 of the Spider Nest
 45024 | Spider:4 | Reached skill level 10 in Necromancy
 45224 | Spider:4 | Reached XP level 18. HP: 85/85 MP: 11/39
 45881 | Spider:4 | Reached skill level 16 in Spellcasting
 46781 | Spider:4 | Noticed Nikola
 46791 | Spider:4 | Killed Nikola
 47713 | Spider:4 | Got a gossamer rune of Zot
 48178 | D:9      | Learned a level 4 spell: Leda's Liquefaction
 48298 | Shoals:1 | Reached skill level 5 in Earth Magic
 49831 | Shoals:2 | Received a gift from Sif Muna
 49832 | Shoals:2 | Got Sif Muna's Compilation of Hindering Shifting {god gift}
 49997 | Shoals:2 | Noticed Ilsuiw
 50005 | Shoals:2 | Killed Ilsuiw
 50389 | Shoals:2 | Slain by an alligator snapping turtle

Illustrated notes

Levels and vault maps discovered:
D:1:      kennysheep_arrival_seaside, layout_loops_ring, serial_shops, shop
D:2:      layout_loops_ring, dreamdust_ecumenical_altar_sealed_demon
D:3:      layout_basic, mainiacjoe_overflow_alcove_4,
          cheibrodos_sewer_entry_drain, grunt_ministairs_1,
          hangedman_decor_points, minmay_door_square, minmay_misc_feat_columns
D:4:      minmay_wonky_spiral, layout_basic,
          mainiacjoe_overflow_six_doors_small, serial_shops,
          nicolae_shop_hallway_stairs
D:5:      minmay_inner_zag, layout_cave_pods, lemuel_tele_altar, minitemple,
          uniq_eustachio
D:6:      layout_basic, nicolae_wu_jian_immortal_techniques, temple_green,
          minmay_statues_item, st_stairs_10, grunt_ministairs_6
D:7:      minmay_flawed_box, layout_basic, serial_shops, shop,
          uniq_prince_ribbit1
D:8:      layout_loops_cross, grunt_gozag_breadcrumbs
D:9:      kennysheep_windowed_halls, layout_stronghold, lair_entry_dummy,
          serial_nicolae_subway, nicolae_sub_station_crystal,
          nicolae_sub_station_metal, nicolae_sub_station_stone, uniq_pikel
D:10:     layout_basic, minivault_20, grunt_ogre_cave, minmay_ruined_shrine
D:11:     layout_stronghold, gammafunk_ghost_spectres, uniq_erolcha,
          uniq_gastronok, uniq_erica, uniq_fannar
D:12:     minmay_klotski, layout_basic, david_orc_3
D:13:     layout_stronghold, hangedman_vaults_entry_quadrant_bands, uniq_azrael
D:14:     layout_basic, minmay_crystal_box
D:15:     hangedman_depths_entry_try_elsewhere_first, layout_cave_pools,
          fedhas_altar_1, minmay_misc_feat_tiny,
          nicolae_ru_great_annihilating_truth, uniq_nessos
Temple:   hellmonk_temple_two_chambers
Lair:1:   gammafunk_indiana_jones, layout_chaotic_city,
          nicolae_quartered_pool_super, lemuel_fruit_fields, uniq_sonja
Lair:2:   nzn_winding_woodlands_stair_trap
          [nzn_winding_woodlands_5x15_longhouse,
          nzn_winding_woodlands_5x15_zeroes, nzn_winding_woodlands_5x15_crooked,
          nzn_winding_woodlands_15x15_eel_pit, nzn_winding_woodlands_5x15_twine,
          nzn_winding_woodlands_5x15_river_crossing,
          nzn_winding_woodlands_5x15_jagged], layout_chaotic_city,
          hellmonk_spider_entry_not_the_bees, basic_altar, serial_bayou_pond_b
Lair:3:   layout_cave_pods, shoals_dummy_entry, portal_ice_cave_rime
Lair:4:   layout_cave_pods, serial_bayou, serial_bayou_lagoon_b,
          serial_bayou_crossing, serial_bayou_lake_a, serial_bayou_pond_b,
          roderic_batcave
Lair:5:   due_jungle_book, layout_long_grid, dpeg_slime_entry_enclosed,
          basic_altar, minivault_26, uniq_kirke
Shoals:1: layout_shoals, nicolae_shoals_so_close
Shoals:2: layout_shoals, uniq_ilsuiw
Spider:1: layout_spider_delve, nicolae_spider_nook, uniq_roxanne
Spider:2: lemuel_spider_zombies, gammafunk_ghost_split, uniq_arachne
Spider:3: nicolae_spider_hilbert_zone_7 [nicolae_spider_hilbert_4_sides_1_open,
          nicolae_spider_hilbert_4_sides_1_open,
          nicolae_spider_hilbert_4_sides_1_open,
          nicolae_spider_hilbert_4_sides_1_open,
          nicolae_spider_hilbert_3_sides_1_open,
          nicolae_spider_hilbert_3_sides_1_open,
          nicolae_spider_hilbert_3_sides_1_open,
          nicolae_spider_hilbert_3_sides_1_open,
          nicolae_spider_hilbert_4_sides_1_open,
          nicolae_spider_hilbert_4_sides_1_open,
          nicolae_spider_hilbert_4_sides_1_open,
          nicolae_spider_hilbert_2_sides_1_open,
          nicolae_spider_hilbert_2_sides_1_open,
          nicolae_spider_hilbert_2_sides_1_open,
          nicolae_spider_hilbert_2_sides_1_open,
          nicolae_spider_hilbert_2_sides_1_open,
          nicolae_spider_hilbert_2_sides_1_open], uniq_mlioglotl,
          uniq_bai_suzhen
Spider:4: spider_rune_water, uniq_nikola
Orc:1:    layout_caves
Orc:2:    grunt_orc_gardens, layout_caves, grunt_orc_garden, grunt_orc_garden,
          grunt_orc_garden, grunt_orc_garden, serial_shops, shop, uniq_josephine
Depths:1: layout_basic, enter_ziggurat_f, nicolae_figureground_pulse,
          serial_rivers, chequers_serial_rivers_large_b,
          chequers_serial_rivers_micro_b, chequers_serial_rivers_small_a,
          chequers_serial_rivers_small_b, pf_vacation_house_of_asmodeus,
          corexii_hall_statues_x, minivault_14, cheibrodos_ashenzari_chains

Skill      XL: |  1  2  3  4  5  6  7  8  9 10 11 12 13 14 15 16 17 18 |
---------------+-------------------------------------------------------+-----
Conjurations   | 1 2 3 4 5 6 7 8 9 10 11 12 13 | 13.1
Stealth        | 3 4 5 6 7 8 9 10 11 12 | 12.0
Dodging        | 3 4 5 6 8 9 10 11 12 13 | 13.4
Hexes          | 1 2 3 4 5 6 7 8 9 10 11 12 13 14 | 14.1
Spellcasting   | 4 5 6 7 8 9 10 11 12 13 14 15 16 | 16.5
Ice Magic      | 5 6 7 8 9 10 11 12 | 12.8
Translocations | 2 3 5 6 7 8 9 10 | 10.6
Summonings     | 1 3 5 6 7 8 9 10 | 10.3
Invocations    | 2 5 7 9 10 11 12 | 12.8
Evocations     | 3 4 6 7 8 9 |  9.5
Necromancy     | 3 6 7 9 10 | 10.3
Earth Magic    | 3 5 |  5.3

Action                   |  1- 3 |  4- 6 |  7- 9 | 10-12 | 13-15 | 16-18 || total
-------------------------+-------+-------+-------+-------+-------+-------++-------
Melee: Dagger            |    19 |    52 |    73 |   201 |   159 |       ||   504
       Punch             |       |       |       |     5 |     5 |       ||    10
       Halberd           |       |       |       |       |   160 |       ||   160
       Great sword       |       |       |       |       |    13 |    75 ||    88
       Staff             |       |       |       |       |       |    46 ||    46
 Cast: Freeze            |    36 |    27 |    24 |    58 |    12 |       ||   157
       Frozen Ramparts   |       |     4 |    19 |    60 |    50 |       ||   133
       Hailstorm         |       |     3 |    15 |    40 |    97 |       ||   155
       Ozocubu's Armour  |       |     1 |    15 |    43 |    77 |    59 ||   195
       Dazzling Flash    |       |       |       |    12 |     9 |       ||    21
       Metabolic Englaci |       |       |       |     3 |    10 |    16 ||    29
       Cause Fear        |       |       |       |     2 |    12 |     7 ||    21
       Call Canine Famil |       |       |       |       |    13 |       ||    13
       Leda's Liquefacti |       |       |       |       |    24 |       ||    24
       Slow              |       |       |       |       |     1 |       ||     1
       Freezing Cloud    |       |       |       |       |   154 |   279 ||   433
       Iskenderun's Myst |       |       |       |       |    41 |       ||    41
       Summon Ice Beast  |       |       |       |       |    19 |    14 ||    33
       Simulacrum        |       |       |       |       |    48 |    69 ||   117
       Lightning Bolt    |       |       |       |       |     8 |   109 ||   117
       Tukima's Dance    |       |       |       |       |     2 |    24 ||    26
       Orb of Destructio |       |       |       |       |       |    17 ||    17
       Borgnjor's Vile C |       |       |       |       |       |    81 ||    81
       Enfeeble          |       |       |       |       |       |     2 ||     2
Invok: Channel Magic     |       |       |       |       |    15 |    15 ||    30
       Forget Spell      |       |       |       |       |     7 |     3 ||    10
 Abil: Evoke Blink       |       |       |       |       |     3 |     3 ||     6
Evoke: Phantom mirror    |       |       |       |     1 |     3 |     1 ||     5
       Wand              |       |       |       |       |     7 |     6 ||    13
       Box of beasts     |       |       |       |       |     1 |     3 ||     4
  Use: Scroll            |       |     3 |     5 |       |    27 |     7 ||    42
       Potion            |       |     1 |       |       |    10 |     2 ||    13
 Stab: Sleeping          |    12 |    12 |     6 |     8 |     9 |       ||    47
       Distracted        |       |       |       |     1 |     5 |       ||     6
       Invisible         |       |       |       |     4 |       |       ||     4
       Held in net/web   |       |       |       |       |       |     1 ||     1
Armor: Robe              |     8 |    16 |    56 |   111 |   186 |   169 ||   546
Dodge: Dodged            |    22 |    31 |    66 |   201 |   451 |   455 ||  1226
Block: Other             |       |       |       |       |       |    37 ||    37
       Orb               |       |       |       |       |       |     6 ||     6
       Reflection        |       |       |       |       |       |     1 ||     1
